AoeStats
← aclyter

Glade

510634159Analyzed
1v1 RM · 1d ago on Oct 1, 2026· 40m 50s· 2 players
Game mode
Random Map
Map size
Tiny (2 player)
Population
200
Speed
Normal
Resources
Standard
Victory
Conquest
Starting age
Dark Age
Ending age
Imperial Age
RankedLock teamsTeams togetherTeam positionsShared explorationLock speedFull tech treeHidden civsTurbo modeCheats
Victory
Defeat
🇺🇸 Tatars · United States
1377
+14
🇲🇽 Britons · Mexico
1327
-14
aclyter
9:18 Feudal Age
10:57 Double-Bit Axe
11:26 Horse Collar
12:41 Loom
17:52 Castle Age
17:43 Bloodlines
18:19 Scale Barding Armor
18:59 Husbandry
22:57 Wheelbarrow
23:00 Bow Saw
24:35 Chain Barding Armor
27:51 Town Watch
29:04 Hand Cart
29:10 Heavy Plow
29:49 Fletching
33:03 Imperial Age
30:56 Forging
31:22 Bodkin Arrow
34:26 Plate Barding Armor
33:20 Cavalier
35:05 Conscription
35:36 Iron Casting
36:28 Light Cavalry
39:49 Gold Mining
39:52 Stone Mining
Daniel
6:49 Loom
9:18 Feudal Age
12:58 Wheelbarrow
12:32 Double-Bit Axe
14:46 Fletching
16:34 Town Watch
20:09 Castle Age
18:39 Gold Mining
19:18 Horse Collar
20:56 Bodkin Arrow
20:31 Crossbowman
21:29 Bow Saw
25:26 Gold Shaft Mining
29:05 Hand Cart
30:34 Town Patrol
33:54 Imperial Age
34:01 Ballistics
35:16 Bracer
35:35 Arbalester
36:54 Murder Holes
Connection lost

Rejoining the realm…

Still unreachable

The connection could not be restored.

Session expired

The server has moved on; the page needs a fresh start.